 Dungeon Sprint DCSS version 0.14-a0-3509-g488b3d4 (webtiles) character file.

1337 BluebellGnoll the Covert (level 7, -13/32 HPs)
             Began as a Spriggan Enchanter on Mar 26, 2014.
             Mangled by a boulder beetle (28 damage)
             ... in the Dungeon (Sprint II: "The Violet Keep of Menkaure").
             The game lasted 00:03:40 (507 turns).

BluebellGnoll the Covert (Spriggan Enchanter)        Turns: 507, Time: 00:03:41

HP -13/32        AC  3     Str  4      XL: 7   Next: 69%
MP   3/29        EV 18     Int 18      God:
Gold 486         SH  0     Dex 17      Spells:  6 memorised, 11 levels left

rFire  . . .     SeeInvis +     a - +1 dagger
rCold  . . .     Clarity  .     b - +1 robe
rNeg   . . .     Conserve .     (shield restricted)
rPois  .         rCorr    .     (helmet restricted)
rElec  .         rRot     .     (no cloak)
SustAb . .       Spirit   .     (gloves unavailable)
rMut   .         Warding  .     (boots unavailable)
Saprov . . .     NoTele   +     (no amulet)
MR     +....                    (no ring)
                                (no ring)

@: bonded with blade, very quick, somewhat resistant to hostile enchantments,
extraordinarily stealthy
A: unfitting armour, see invisible, herbivore 3, speed 3, slow metabolism 2
a: no special abilities


You were in the Dungeon.
You were not hungry.

You visited 1 branch You collected 486 gold pieces.

Inventory:

Hand weapons
 a - a +1,+1 dagger (weapon)
Missiles
 d - 12 darts (quivered)
Armour
 b - a +1 robe (worn)
Scrolls
 k - a scroll of blinking
Potions
 e - a potion of porridge
 f - a potion of curing
 g - a potion of heal wounds
 h - a potion of haste
 i - 2 potions of magic
Books
 c - a book of Maledictions

   Spells                             Type                      Level
   *Corona                            Hexes                        1
   *Sure Blade                        Hexes/Charms                 2
   *Ensorcelled Hibernation           Hexes/Ice                    2
   *Confuse                           Hexes                        3
   *Enslavement                       Hexes                        4
   *Invisibility                      Hexes                        6


   Skills:
 - Level 1.1 Short Blades
 - Level 1.1 Throwing
 - Level 3.0 Dodging
 - Level 14.6 Stealth
 * Level 11.5 Spellcasting
 + Level 12.2 Hexes


You had 11 spell levels left.
You knew the following spells:

 Your Spells              Type           Power        Failure   Level  Hunger
a - Corona                Hex            ######.      1%          1    None
b - Ensorcelled Hibernat  Hex/Ice        ####..       1%          2    None
c - Confuse               Hex            ######..     1%          3    None
d - Sure Blade            Hex/Chrm       ####......   1%          2    None
e - Enslavement           Hex            ######..     1%          4    ##.....
f - Invisibility          Hex            ######..     10%         6    ######.


Dungeon Overview and Level Annotations

Branches:
Dungeon (1/1)

Altars:


Innate Abilities, Weirdness & Mutations

You are tiny and cannot use many weapons and most armour.
You have supernaturally acute eyesight.
You are a herbivore.
You cover ground extremely quickly.
You need consume almost no food.


Message History

Casting: Confuse
Confirm with . or Enter, or press ? or * to list all spells.
You become one with your weapon.
The boulder beetle seems less confused.
The boulder beetle closely misses you.
There is an open door here.
Casting: Sure Blade
Confirm with . or Enter, or press ? or * to list all spells.
Aiming: Confuse
Press: ? - help, Shift-Dir - straight line, f/p - boulder beetle
Aim: a boulder beetle (almost dead)
The boulder beetle appears confused.
You hit the boulder beetle.
The boulder beetle is almost dead.
You hit the boulder beetle.
The boulder beetle is almost dead.
You hit the boulder beetle but do no damage.
The boulder beetle is almost dead.
The boulder beetle bites you!
Ouch! That really hurt!
You die...

#### ##
#.%##.#
####...# ##
##.###'###.##
#...##@##..$#
+##.'.B.'###+
####.##...#
##'###.##
#.#.####
#.###.# ##
#.## +#


You could see a boulder beetle (confused).

Vanquished Creatures
  2 hippogriffs (D)
  4 brain worms (D)
  2 giant slugs (D)
8 creatures vanquished.

Vanquished Creatures (others)
  A boulder beetle (D)
1 creature vanquished.

Grand Total: 9 creatures vanquished

Notes
Turn   | Place    | Note
--------------------------------------------------------------
     0 | D        | BluebellGnoll, the Spriggan Enchanter, began the quest for the Orb.
     0 | D        | Reached XP level 1. HP: 9/9 MP: 4/4
     1 | D        | Noticed a giant slug
     1 | D        | Noticed a giant slug
    15 | D        | Killed a giant slug
    15 | D        | Reached skill level 12 in Stealth
    15 | D        | Reached XP level 2. HP: 1/13 MP: 7/7
    15 | D        | Reached XP level 3. HP: 1/16 MP: 9/9
    23 | D        | Killed a giant slug
    23 | D        | Reached skill level 14 in Stealth
    23 | D        | Reached XP level 4. HP: 1/21 MP: 12/12
    33 | D        | Learned a level 2 spell: Ensorcelled Hibernation
    37 | D        | Learned a level 3 spell: Confuse
    40 | D        | Learned a level 2 spell: Sure Blade
   298 | D        | Noticed a brain worm
   298 | D        | Noticed a brain worm
   298 | D        | Noticed a brain worm
   298 | D        | Noticed a brain worm
   300 | D        | Killed a brain worm
   300 | D        | Reached skill level 5 in Spellcasting
   300 | D        | Reached XP level 5. HP: 24/24 MP: 10/19
   302 | D        | Killed a brain worm
   302 | D        | Reached XP level 6. HP: 28/28 MP: 10/22
   306 | D        | Killed a brain worm
   309 | D        | Killed a brain worm
   416 | D        | Learned a level 4 spell: Enslavement
   420 | D        | Noticed a boulder beetle
   420 | D        | Noticed a boulder beetle
   423 | D        | Noticed a hippogriff
   423 | D        | Noticed a hippogriff
   426 | D        | Killed a hippogriff
   426 | D        | Reached skill level 10 in Hexes
   426 | D        | Reached XP level 7. HP: 32/32 MP: 25/27
   429 | D        | Killed a hippogriff
   429 | D        | Reached skill level 10 in Spellcasting
   437 | D        | Learned a level 6 spell: Invisibility
   469 | D        | Killed a boulder beetle
   507 | D        | Mangled by a boulder beetle

Action                   |  1- 3 |  4- 6 |  7- 9 || total
-------------------------+-------+-------+-------++-------
Melee: Dagger            |    17 |     6 |    21 ||    44
 Cast: Sure Blade        |       |     1 |     3 ||     4
       Ensorcelled Hiber |       |     3 |     1 ||     4
       Confuse           |       |       |     9 ||     9
  Use: Potion            |     1 |       |       ||     1
 Stab: Sleeping          |       |     5 |     3 ||     8
       Confused          |       |       |     2 ||     2
